 Dungeon Crawl Stone Soup version 0.21-a0-33-g8b44e26 (webtiles) character file.

80 ArtsTyrian the Ducker (level 4, 0/30 HPs)
             Began as an Octopode Gladiator on May 27, 2017.
             Killed by nerve-wracking pain
             ... invoked by Grinder
              (10 damage)
             ... on level 3 of the Dungeon.
             The game lasted 00:05:05 (1466 turns).

ArtsTyrian the Ducker (Octopode Gladiator)          Turns: 1466, Time: 00:05:06

Health: 0/30       AC:  1    Str: 14    XL:     4   Next: 39%
Magic:  4/4        EV: 20    Int: 10    God:
Gold:   33         SH:  0    Dex: 18    Spells: 3/3 levels left

rFire    . . .     SeeInvis .   a - +0 long sword
rCold    . . .     Gourm    .   (no shield)
rNeg     . . .     Faith    .   b - +0 hat
rPois    .         Spirit   .   (no amulet)
rElec    .         Reflect  .   (no ring)
rCorr    .         Harm     .   (no ring)
MR       .....                  (no ring)
Stlth    ++++......             (no ring)
Regen    0.1/turn               (no ring)
MPRegen  0.1/turn               (no ring)
                                (no ring)
                                (no ring)

@: agile, flying
A: almost no armour, stealthy swim, amphibious, 8 rings, constrict 8, camouflage
1, gelatinous body 1
a: no special abilities


You were on level 3 of the Dungeon.
You were not hungry.

You visited 1 branch of the dungeon, and saw 3 of its levels.

You collected 33 gold pieces.

Inventory:

Hand Weapons
 a - a +0 long sword (weapon)
 h - a +0 dagger of speed
Missiles
 c - 4 throwing nets (quivered)
 j - 21 stones
Armour
 b - a +0 hat (worn)
Scrolls
 e - a scroll of teleportation {unknown}
 g - a scroll of remove curse {unknown}
 i - a scroll of enchant weapon {unknown}
 l - a scroll of identify {unknown}
Comestibles
 m - a royal jelly


   Skills:
 * Level 2.6 Fighting
 + Level 3.6 Long Blades
 - Level 2.0 Throwing
 * Level 3.8 Dodging
 * Level 2.2 Stealth


You had 3 spell levels left.
You didn't know any spells.

Dungeon Overview and Level Annotations

Branches:
Dungeon (3/15)

Altars:

Annotations:
D:3 Grinder


Innate Abilities, Weirdness & Mutations

You cannot wear most types of armour.
You are very stealthy in the water. (Stealth+)
You are amphibious.
You can wear up to eight rings at the same time.
You can use your tentacles to constrict eight enemies at once.
Your skin changes colour to match your surroundings (Stealth+).
Your rubbery body absorbs attacks. (AC +1, EV +1)


Message History

You fly up into the air.
You hit Grinder. You grab Grinder. You squeeze Grinder.
Grinder is heavily wounded.
You constrict Grinder, but do no damage.
Grinder gestures at you. You resist with significant effort.
You slash Grinder!
Grinder is severely wounded.
You constrict Grinder. Grinder barely misses you.
You barely miss Grinder.
Grinder is severely wounded.
You constrict Grinder. Grinder hits you.
You writhe in agony.
* * * LOW HITPOINT WARNING * * *
You hit Grinder.
Grinder is almost dead.
You constrict Grinder.
Grinder says, "There's only one good use for a tongue: cutting it out."
Grinder gestures at you. Pain shoots through your body!
You die...

#.# #.# #.# #####
#.# #.....###.## ##
..KKgg....##..##
#####.K)........
###≈≈≈####5.......
##≈≈≈≈≈≈≈≈@####....
≈≈≈≈≈≈≈≈≈.## .
######≈≈≈..##
#.........##
#.####.#'## #.#<#
##.#.#######
#..........#
#.###.....####.#


You could see Grinder.

Vanquished Creatures
  3 adders (D:2)
  5 dart slugs
  2 leopard geckos
  A ball python (D:2)
  2 giant cockroaches
  3 goblins
  6 hobgoblins
  3 quokkas (D:2)
  3 bats
  A frilled lizard (D:1)
  9 kobolds
  5 rats
43 creatures vanquished.

Notes
Turn   | Place    | Note
-------+----------+-------------------------------------------
     0 | D:1      | ArtsTyrian the Octopode Gladiator began the quest for the Orb.
     0 | D:1      | Reached XP level 1. HP: 14/14 MP: 1/1
   142 | D:1      | Reached skill level 1 in Stealth
   142 | D:1      | Reached XP level 2. HP: 15/19 MP: 2/2
   778 | D:1      | Reached XP level 3. HP: 25/25 MP: 3/3
  1186 | D:2      | Reached XP level 4. HP: 23/30 MP: 4/4
  1438 | D:3      | Noticed Grinder
  1466 | D:3      | Killed from afar by Grinder

Vault maps used:
D:1:      dpeg_arrival_lava_temple_mockup
D:2:      grunt_decor_cap
D:3:      cheibrodos_thug_alley, chequers_ecumenical_altar_island, uniq_grinder

Skill      XL: |  1  2  3  4 |
---------------+-------------+-----
Stealth        | 1 2 |  2.2
Fighting       | |  2.6
Long Blades    | |  3.6
Throwing       | |  2.0
Dodging        | |  3.8

Action                   |  1- 3 |  4- 6 || total
-------------------------+-------+-------++-------
Melee: Long sword        |    46 |    26 ||    72
       Constrict         |    21 |     9 ||    30
       Tentacles         |    12 |     7 ||    19
  Use: Potion            |       |     3 ||     3
 Stab: Sleeping          |     5 |       ||     5
       Distracted        |     1 |       ||     1
  Eat: Bread ration      |     1 |       ||     1
Armor: Skin              |     8 |     2 ||    10
Dodge: Dodged            |    31 |     8 ||    39
       Rpst.: Long sword |    11 |     3 ||    14
